 Dungeon Crawl Stone Soup version 0.27.0-1-g7a089689b8 (webtiles) character file.

Game seed: 13790067895560370331

2 Amplified the Chiller (level 1, -1/10 HPs)
             Began as a Gargoyle Ice Elementalist on Aug 4, 2021.
             Slain by a jackal (2 damage)
             ... on level 1 of the Dungeon.
             The game lasted 00:00:33 (185 turns).

Amplified the Chiller (Gargoyle Ice Elementalist)    Turns: 185, Time: 00:00:33

Health: -1/10      AC:  4    Str: 11    XL:     1   Next: 30%
Magic:  1/3        EV: 11    Int: 15    God:
Gold:   0          SH:  0    Dex: 10    Spells: 3/4 levels left

rFire    + . .     SeeInvis .   b - +1 hand axe (flame)
rCold    + . .     Faith    .   (no shield)
rNeg     + . .     Spirit   .   a - +0 robe
rPois    ∞         Reflect  .   (no helmet)
rElec    +         Harm     .   (no cloak)
rCorr    +         Rampage  .   (no gloves)
Will     .....                  (no boots)
Stlth    ++........             (no amulet)
HPRegen  0.03/turn              (no ring)
MPRegen  0.08/turn              (no ring)

@: resistant
A: sickness immunity, AC +2, negative energy resistance 1, electricity
resistance, torment resistance 1, petrification resistance
a: no special abilities


You were on level 1 of the Dungeon.
You visited 1 branch of the dungeon, and saw 1 of its levels.

Inventory:

Hand Weapons
 b - a +1 hand axe of flaming (weapon)
Armour
 a - a +0 robe (worn)
Potions
 c - a potion of flight


   Skills:
 * Level 0.2 Fighting
 * Level 0.1 Axes
 - Level 1.5 Dodging
 - Level 2.1 Stealth
 * Level 2.0 Spellcasting
 * Level 4.0 Ice Magic


You had 3 spell levels left.
You knew the following spells:

 Your Spells              Type           Power      Damage    Failure   Level
a - Freeze                Ice            52%        1d7       4%          1

Your spell library contained the following spells:

 Spells                   Type           Power      Damage    Failure   Level
 Frozen Ramparts          Ice            26%        1d4       13%         3
 Ozocubu's Armour         Ice            13%        N/A       13%         3
 Hailstorm                Conj/Ice       7%         3d4       67%         4


Dungeon Overview and Level Annotations

Branches:
Dungeon (1/15)

Altars:


Innate Abilities, Weirdness & Mutations

You are immune to sickness and miasma.
Your stone body is resilient. (AC +2)
You are immune to poison.
You resist negative energy. (rN+)
You are resistant to electric shocks. (rElec)
You are resistant to unholy torment.
You are immune to petrification.


Message History

Aiming: Freeze (safe; 4% risk of failure)
Press: ? - help, Shift-Dir - straight line, f - jackal
Aim: a jackal You freeze the jackal.
The jackal is moderately wounded.
The goblin shouts!
The jackal bites you.
* * * LOW HITPOINT WARNING * * *
The jackal closely misses you.
Unknown command.
Unknown command.
It was a potion of flight.
You feel very buoyant.
You fly up into the air.
The jackal bites you but does no damage.
It was a potion of cancellation.
Your magical effects are unravelling.
You feel magically purged.
You float gracefully downwards.
The jackal bites you but does no damage.
It was a potion of resistance.
You feel protected. The jackal barely misses you.
The jackal bites you but does no damage.
You closely miss the goblin. You barely miss the jackal.
The goblin hits you with a +0 dagger.
* * * LOW HITPOINT WARNING * * *
The jackal barely misses you. The goblin barely misses you.
The jackal closely misses you.
Unknown command.
You barely miss the goblin. You closely miss the jackal.
The jackal bites you but does no damage.
The goblin hits you but does no damage.
Unknown command.
Unknown command.
You hit the goblin. You burn the goblin.
You kill the goblin!
You hit the jackal. You burn the jackal.
The jackal stops to sniff the ground.
The jackal bites you.
You die...

.........# ...#
.......#.....#.#
.......####....
## ..............
...
..........##.##.#
####......+.....#
#......#...#
######...#.#####
#........hh@.#
#.........##)#
#.......#+# .#
#......... .#
#.......... ..
#.##.......... #.
#........... #
#...........


You could see 2 jackals.

Vanquished Creatures
  A jackal (D:1)
  A bat (D:1)
  A goblin (D:1)
3 creatures vanquished.

Notes
Turn   | Place    | Note
-------+----------+-------------------------------------------
     0 | D:1      | Amplified the Gargoyle Ice Elementalist began the quest for
                  | the Orb.
     0 | D:1      | Reached XP level 1. HP: 10/10 MP: 3/3
   185 | D:1      | Slain by a jackal

Illustrated notes

Levels and vault maps discovered:
D:1:      elethiomel_arrival_maze, layout_basic

Action                   || total
-------------------------++-------
Melee: Hand axe          ||    11
 Cast: Freeze            ||     2
  Use: Potion            ||     3
Armor: Robe              ||    12
Dodge: Dodged            ||    10
